 Dungeon Crawl Stone Soup version 0.32-a0-876-gcfddb08 (webtiles) character file.

Game seed: 2816531502257419875

2499 lyrin the Ducker (level 9, 0/62 HPs)
             Began as a Djinni Hedge Wizard on Apr 1, 2024.
             Was a Follower of Dithmenos.
             Slain by a vampire mosquito (9 damage)
             ... on level 7 of the Dungeon.
             The game lasted 00:12:03 (5583 turns).

lyrin the Ducker (Djinni Hedge Wizard)              Turns: 5583, Time: 00:12:04

Health: 0/62       AC:  7    Str:  9    XL:     9   Next: 82%
Gold:   349        EV: 13    Int: 19    God:    Dithmenos [*.....] SH:  0 Dex: 14

rFire   + + .        C - +2 rapier (elec)
rCold   x . .        (no shield)
rNeg    . . .        t - +3 leather armour
rPois   ∞            c - +0 hat
rElec   .            y - +0 cloak {rCorr}
rCorr   +            (no gloves)
SInv    .            (boots unavailable)
Will    .....        k - amulet of regeneration
Stlth   ++           A - ring of resist corrosion
HPRegen 1.10/turn    (no ring)
MPRegen 0.00/turn

%: infuse magic (-1 HP)
@: on blink cooldown, flying, wreathed by umbra
A: sickness immunity, fire resistance 2, cold vulnerability 1, float, innate
caster, HP casting, extra vitality 1
a: Renounce Religion


You were on level 7 of the Dungeon.
You worshipped Dithmenos.
Dithmenos was aware of your devotion.
You visited 1 branch of the dungeon, and saw 7 of its levels.

You collected 349 gold pieces.

Inventory:

Hand Weapons
 r - a +3 dagger of venom
 C - a +2 rapier of electrocution (weapon)
Missiles
 i - 3 throwing nets
Armour
 c - a +0 hat (worn)
 t - a +3 leather armour (worn)
 y - a +0 cloak of preservation (worn)
Jewellery
 k - an amulet of regeneration (around neck)
 A - a ring of resist corrosion (left hand)
 I - a ring of ice
Wands
 o - a wand of charming (5)
 q - a wand of flame (11)
 w - a wand of mindburst (32)
 x - a wand of polymorph (15)
Scrolls
 d - 5 scrolls of identify {unknown}
 e - 3 scrolls of enchant weapon {unknown}
 g - 3 scrolls of teleportation {unknown}
 j - 2 scrolls of revelation {unknown}
 l - a scroll of amnesia {unknown}
 m - a scroll of noise {unknown}
 n - a scroll of fog {unknown}
 s - 2 scrolls of torment {unknown}
 u - a scroll of enchant armour {unknown}
 z - 2 scrolls of blinking {unknown}
 B - a scroll of acquirement {unknown}
 H - a scroll of silence {unknown}
Potions
 a - 2 potions of attraction {unknown}
 b - a potion of magic {unknown}
 f - 2 potions of enlightenment {unknown}
 h - 2 potions of degeneration {unknown}
 p - a potion of haste {unknown}
 v - 2 potions of berserk rage {unknown}
 D - 2 potions of ambrosia {unknown}
 E - 2 potions of curing {unknown}
 F - 3 potions of heal wounds {unknown}
 G - a potion of might {unknown}
 J - a potion of mutation {unknown}


   Skills:
 + Level 3.6 Fighting
 + Level 5.3 Short Blades
 + Level 4.3 Armour
 + Level 6.4 Dodging
 - Level 1.6 Stealth
 + Level 4.8 Spellcasting
 + Level 4.8 Conjurations
 + Level 4.8 Hexes
 + Level 4.8 Summonings
 + Level 4.8 Necromancy
 + Level 4.8 Translocations
 + Level 4.8 Fire Magic
 + Level 4.8 Ice Magic
 + Level 4.8 Air Magic
 + Level 4.8 Earth Magic
 + Level 4.8 Alchemy
 * Level 5.4 Invocations


You knew the following spells:

 Your Spells              Type           Power      Damage    Failure   Level
a - Magic Dart            Conj           88%        1d7       2%          1
b - Slow                  Hex            88%        N/A       2%          1
c - Blink                 Tloc           44%        N/A       3%          2
d - Call Imp              Summ           44%        N/A       3%          2
e - Mephitic Cloud        Conj/Alch/Air  22%        N/A       7%          3
f - Necrotise             Necr           88%        1d8       2%          1
g - Static Discharge      Conj/Air       44%        3-5/arc   3%          2
h - Mercury Vapours       Alch/Air       44%        N/A       3%          2
i - Animate Armour        Summ/Erth      44%        N/A       24%         4
Your spell library was empty.

Dungeon Overview and Level Annotations

Branches:
Dungeon (7/15)             Temple (0/1) D:7

Altars:
Dithmenos
Fedhas
Nemelex Xobeh
Okawaru
Wu Jian
Zin

Annotations:
D:3 exclusion: oklob plant


Innate Abilities, Weirdness & Mutations

You are immune to sickness and miasma.
You are immune to poison.
Your flesh is very heat resistant. (rF++)
You are vulnerable to cold. (rC-)
You float through the air rather than walking.
You learn spells naturally, not from books.
Your magical power is your life essence.
You have superior vitality. (+4 MHP)


Message History

The vampire mosquito is severely damaged.
The vampire mosquito barely misses you. The vampire mosquito bites you!
Unknown command.
You miss the vampire mosquito.
The vampire mosquito is severely damaged.
The vampire mosquito closely misses you.
The vampire mosquito completely misses you.
Unknown command.
The vampire mosquito attacks as it pursues you!
The vampire mosquito barely misses you.
The vampire mosquito closely misses you.
The vampire mosquito attacks as it pursues you!
The vampire mosquito misses you.
Found 6 stones.
The vampire mosquito attacks as it pursues you!
The vampire mosquito bites you.
The vampire mosquito completely misses you.
The gargoyle hurls a stone arrow at you.
The stone arrow hits you!
Unknown command.
The vampire mosquito closely misses you.
The vampire mosquito closely misses you.
The vampire mosquito bites you.
* * * LOW HITPOINT WARNING * * *
The vampire mosquito bites you but does no damage.
Okay, then.
The vampire mosquito barely misses you. The vampire mosquito barely misses you.
Casting: Magic Dart (safe; 2% risk of failure)
Confirm with . or Enter, or press ? or * to list all spells.
You blink.
The vampire mosquito bites you!
* * * LOW HITPOINT WARNING * * *
The vampire mosquito attacks as it pursues you!
The vampire mosquito bites you!
* * * LOW HITPOINT WARNING * * *
Found 15 gold pieces.
The vampire mosquito attacks as it pursues you!
The vampire mosquito bites you!
You die...

.#####....# ...
.##.......#. ... .#
....).....#.###.## $
......#.....##... .
..#.#.#.....>...###.#
....#.####...##~~~#~####
.####.# #...#.~.~.~~...
#.#.#.# #....~~~~~..~.~
#..##.####....~y@≈~~.≈~.
...#..........♣~..≈~≈~≈~
####....##...#.≈.≈...~.~
###.#.##...9(...~~.~.~~~
.........#...#.≈.~.~#..♣
.###..#..#...#♣~...~# ~.
.........#...##≈.≈~.# #
#.##.................
................


You could see a vampire mosquito.

Vanquished Creatures
  Pikel (D:6)
  Maggie (D:7)
  Sigmund (D:3)
  Eustachio (D:5)
  A steam dragon (D:7)
  Menkaure (D:7)
  A black bear (D:3)
  An ogre (D:6)
  A centaur (D:7)
  3 lemures (D:6)
  2 scorpions
  A howler monkey (D:5)
  2 hounds
  Crazy Yiuf (D:3)
  A gnoll bouda (D:6)
  An orc priest (D:3)
  2 jellies (D:5)
  Jessica (D:2)
  2 sleepcaps
  Ijyb (D:3)
  Natasha (thrice) (D:3)
  3 orc wizards
  Robin (D:4)
  12 gnolls
  2 adders
  2 white imps
  2 dart slugs
  4 ribbon worms
  30 orcs
  4 endoplasms
  A giant cockroach (D:1)
  16 goblins
  14 hobgoblins
  10 jackals
  9 kobolds
  5 quokkas
  7 ball pythons
  9 bats
  3 frilled lizards
  5 rats
168 creatures vanquished.

Notes
Turn   | Place    | Note
-------+----------+-------------------------------------------
     0 | D:1      | lyrin the Djinni Hedge Wizard began the quest for the Orb.
     0 | D:1      | lyrin set off with the following spells memorised: Magic
                  | Dart, Slow, Blink, Call Imp, Mephitic Cloud.
     0 | D:1      | Reached XP level 1. HP: 15/15 MP: 0/0
   204 | D:1      | Reached XP level 2. HP: 20/21 MP: 0/0
   223 | D:1      | Reached skill level 3 in Dodging
   443 | D:1      | Reached XP level 3. HP: 15/25 MP: 0/0
   443 | D:1      | Learned a level 1 spell: Necrotise
  1316 | D:2      | Reached XP level 4. HP: 31/31 MP: 0/0
  1470 | D:2      | You are sucked into a shaft and drop 2 floors!
  1493 | D:4      | Reached skill level 4 in Dodging
  1587 | D:3      | Reached skill level 1 in Fighting
  1587 | D:3      | Reached XP level 5. HP: 35/37 MP: 0/0
  1587 | D:3      | Learned a level 2 spell: Static Discharge
  1598 | D:3      | Noticed Ijyb
  1628 | D:3      | Killed Ijyb
  1875 | D:2      | Noticed Jessica
  1881 | D:2      | Killed Jessica
  1882 | D:2      | Reached XP level 6. HP: 43/43 MP: 0/0
  2114 | D:3      | Noticed Natasha
  2119 | D:3      | Killed Natasha
  2132 | D:3      | Noticed Natasha
  2135 | D:3      | Killed Natasha
  2136 | D:3      | Reached skill level 1 in Armour
  2140 | D:3      | Noticed Natasha
  2147 | D:3      | Killed Natasha
  2311 | D:3      | Found a blossoming altar of Fedhas.
  2323 | D:3      | Noticed an oklob plant
  2351 | D:3      | Noticed Sigmund
  2360 | D:3      | Killed Sigmund
  2361 | D:3      | Reached skill level 5 in Dodging
  2361 | D:3      | Reached XP level 7. HP: 47/49 MP: 0/0
  2361 | D:3      | Learned a level 2 spell: Mercury Vapours
  2371 | D:3      | Found a runed translucent door.
  2372 | D:3      | Noticed Crazy Yiuf
  2553 | D:3      | Killed Crazy Yiuf
  2769 | D:4      | Found an iron altar of Okawaru.
  2867 | D:4      | Noticed Robin
  2911 | D:4      | Killed Robin
  3187 | D:4      | Found an ornate altar of the Wu Jian Council.
  3273 | D:4      | Found a glowing silver altar of Zin.
  3276 | D:4      | Found a shadowy altar of Dithmenos.
  3280 | D:4      | Became a worshipper of Dithmenos the Shadowed
  3337 | D:5      | Entered Level 5 of the Dungeon
  3419 | D:5      | Reached XP level 8. HP: 55/55 MP: 0/0
  3442 | D:5      | Noticed Eustachio
  3454 | D:5      | Killed Eustachio
  3533 | D:5      | Reached skill level 1 in Short Blades
  3626 | D:5      | Found a sparkling altar of Nemelex Xobeh.
  4154 | D:6      | Noticed Pikel
  4205 | D:6      | Killed Pikel
  4206 | D:6      | Reached skill level 6 in Dodging
  4206 | D:6      | Reached XP level 9. HP: 50/61 MP: 0/0
  4206 | D:6      | Learned a level 4 spell: Animate Armour
  4695 | D:6      | Reached * piety under Dithmenos
  5077 | D:7      | Found a staircase to the Ecumenical Temple.
  5081 | D:7      | Noticed Maggie
  5107 | D:7      | Killed Maggie
  5108 | D:7      | Reached skill level 5 in Invocations
  5286 | D:7      | Noticed Menkaure
  5302 | D:7      | Killed Menkaure
  5471 | D:7      | Reached skill level 5 in Short Blades
  5556 | D:7      | Noticed a gargoyle
  5583 | D:7      | Slain by a vampire mosquito

Illustrated notes

Levels and vault maps discovered:
D:1:      lightli_arrival_boilingwater, layout_basic,
          chequers_serial_rivers_small_b, minmay_quantized
D:2:      layout_rooms, uniq_jessica
D:3:      layout_rooms, tgw_fedhas, moated_statue, uniq_natasha,
          uniq_crazy_yiuf_cottage, uniq_ijyb, uniq_sigmund
D:4:      layout_basic, jmf_multi_god_temple2,
          mainiacjoe_overflow_small_starburst, okawaru_ov_weapons_minmay,
          ebering_dispersal_statue_hall, serial_library_hellmonk_small_alcove,
          uniq_robin
D:5:      layout_basic, nemelex_spade_bored_becter, uniq_eustachio
D:6:      layout_loops_corners, uniq_pikel
D:7:      layout_basic, minmay_temple_entry_purple_smoke,
          chequers_serial_rivers_marsh, minmay_shattered_shrine, uniq_menkaure,
          uniq_maggie

Skill      XL: |  1  2  3  4  5  6  7  8  9 |
---------------+----------------------------+-----
Dodging        | 3 4 5 6 |  6.4
Fighting       | 1 2 3 |  3.6
Spellcasting   | 4 |  4.8
Conjurations   | 4 |  4.8
Hexes          | 4 |  4.8
Summonings     | 4 |  4.8
Necromancy     | 4 |  4.8
Translocations | 4 |  4.8
Fire Magic     | 4 |  4.8
Ice Magic      | 4 |  4.8
Air Magic      | 4 |  4.8
Earth Magic    | 4 |  4.8
Alchemy        | 4 |  4.8
Armour         | 2 3 4 |  4.3
Invocations    | 4 5 |  5.4
Short Blades   | 3 5 |  5.3
Stealth        | |  1.6

Action                     |  1- 3 |  4- 6 |  7- 9 || total
---------------------------+-------+-------+-------++-------
  Melee: Dagger            |       |     4 |    37 ||    41
         Rapier            |       |       |   122 ||   122
   Cast: Magic Dart        |    97 |   177 |   158 ||   432
         Static Discharge  |       |     3 |     9 ||    12
         Mephitic Cloud    |       |     4 |     9 ||    13
         Necrotise         |       |     2 |       ||     2
         Mercury Vapours   |       |       |     2 ||     2
         Slow              |       |       |     1 ||     1
         Blink             |       |       |     1 ||     1
   Stab: Confused          |       |       |     4 ||     4
         Distracted        |       |       |     1 ||     1
         Sleeping          |       |       |     1 ||     1
 Armour: Robe              |    23 |    28 |       ||    51
         Leather armour    |       |    11 |   128 ||   139
  Dodge: Dodged            |    23 |    27 |   145 ||   195

Table legend: (Time is in decaauts)
 A = Elapsed time spent in this place.
 B = Non-inter-level travel time spent in this place.
 C = Inter-level travel time spent in this place.
 D = Time resting spent in this place.
 E = Time spent auto-exploring this place.
 F = Levels seen in this place.
 G = Mean time per level.
                   A        B        C        D        E       F      G
               +--------+--------+--------+--------+--------+-----+--------+
         Total |   5591 |   5470 |    121 |    901 |   3386 |   7 |  798.7 |
       Dungeon |   5591 |   5470 |    121 |    901 |   3386 |   7 |  798.7 |
               +--------+--------+--------+--------+--------+-----+--------+

Top non-repeatable levels by time:
     D:6: 1340 daAuts
     D:1: 1290 daAuts
     D:3: 923 daAuts
     D:5: 724 daAuts
     D:4: 625 daAuts
     D:2: 503 daAuts
     D:7: 184 daAuts
